 Dungeon Crawl Stone Soup version 0.30-a0-57-g8b159a9891 (webtiles) character file.

Game seed: 199911618548689418

74 BritishOli the Trooper (level 4, -4/36 HPs)
             Began as a Demonspawn Fighter on Sept 12, 2022.
             Splashed by a jelly's acid (5 damage)
             ... on level 4 of the Dungeon.
             The game lasted 00:02:37 (3063 turns).

BritishOli the Trooper (Demonspawn Fighter)         Turns: 3063, Time: 00:02:39

Health: -4/36      AC:  0    Str: 18    XL:     4   Next: 10%
Magic:  4/4        EV:  9    Int:  9    God:
Gold:   209        SH:  4    Dex: 13    Spells: 3/3 levels left

rFire   . . .      SeeInvis .    a - +0 long sword
rCold   . . .      Faith    .    c - +0 buckler
rNeg    . . .      Spirit   .    b - +0 scale mail
rPois   .          Reflect  .    (helmet restricted)
rElec   .          Harm     .    (no cloak)
rCorr   .          Rampage  .    (no gloves)
Will    .....                    (no boots)
Stlth   ..........               (no amulet)
HPRegen 0.12/turn                (no ring)
MPRegen 0.09/turn                (no ring)

@: corroded, sanguine armoured
A: antennae 1, sanguine armour 1
a: no special abilities


You were on level 4 of the Dungeon.
You visited 1 branch of the dungeon, and saw 4 of its levels.

You collected 209 gold pieces.

Inventory:

Hand Weapons
 a - a +0 long sword (weapon)
Missiles
 i - 3 boomerangs of dispersal (quivered)
Armour
 b - a +0 scale mail (worn)
 c - a +0 buckler (worn)
Scrolls
 f - 3 scrolls of identify {unknown}
 h - 6 scrolls of teleportation {unknown}
 k - 2 scrolls of vulnerability {unknown}
 m - a scroll of summoning {unknown}
 o - a scroll of blinking {unknown}
 p - a scroll of amnesia {unknown}
 q - a scroll of silence {unknown}
Potions
 d - 2 potions of might
 e - a potion of brilliance {unknown}
 g - 2 potions of haste {unknown}
 j - 2 potions of curing {unknown}
 l - a potion of degeneration {unknown}
 n - a potion of mutation {unknown}


   Skills:
 + Level 3.6 Fighting
 + Level 2.5 Long Blades
 - Level 3.2 Armour
 - Level 3.1 Shields


You had 3 spell levels left.
You didn't know any spells.
Your spell library contained the following spells:

 Spells                   Type           Power      Damage    Failure   Level
 Foxfire                  Conj/Fire      0%         2x1d4     86%         1
 Conjure Flame            Conj/Fire      0%         6-21      99%         3
 Inner Flame              Hex/Fire       0%         N/A       99%         3
 Flame Wave               Conj/Fire      0%         2d4       100%        4
 Blade Hands              Tmut           0%         N/A       100%        5
 Irradiate                Conj/Tmut      0%         3d11      100%        5
 Dragon Form              Tmut           0%         N/A       100%        7


Dungeon Overview and Level Annotations

Branches:
Dungeon (4/15)
 Temple: D:4-7

Altars:
Nemelex Xobeh
Yredelemnul


Innate Abilities, Weirdness & Mutations

You have a pair of small antennae on your head.
When seriously injured, your blood forms armour. (AC +6)


Message History

The worm closely misses you.
You hit the worm but do no damage.
The worm is heavily wounded.
The worm bites you!
You are too injured to fight recklessly!
You are too injured to fight recklessly!
You are too injured to fight recklessly!
You hit the worm.
The worm is severely wounded.
You hit the worm.
The worm is almost dead.
The worm bites you but does no damage.
You slash the worm!
You kill the worm!
A jelly comes into view.
The jelly quivers.
A jelly is nearby!
You are too injured to fight recklessly!
You are too injured to fight recklessly!
The jelly hits you but does no damage.
You hit the jelly. The acid corrodes you!
Your hands burn!
The jelly is moderately wounded.
The jelly hits you but does no damage.
You hit the jelly but do no damage.
Your hands burn!
The jelly is moderately wounded.
The jelly hits you but does no damage. The jelly closely misses you.
You hit the jelly.
Your hands burn!
The jelly is heavily wounded.
The jelly barely misses you.
You hit the jelly. The acid corrodes you!
Your hands burn!
* * * LOW HITPOINT WARNING * * *
The jelly is severely wounded.
The jelly barely misses you.
You hit the jelly. The acid corrodes you!
Your hands burn!
* * * LOW HITPOINT WARNING * * *
The jelly is almost dead.
The jelly hits you.
* * * LOW HITPOINT WARNING * * *
You are splashed with acid.
You die...

### ###
#.####.####
#.....<#...
#.#######.#
#.#.....#.#
#.#.###.#.#
#.....#.#J####
###.#.#.#@...#
#.#.#.#..[.#
#.#.#.#....####
#.#.#.#........
#.#.#.#....####
#.#...#.#.##
#.#####.#.#
#.....!.#.#
#########.#


You could see a jelly.

Vanquished Creatures
  An adder (D:2)
  3 worms
  2 dart slugs
  5 bats
  5 endoplasms
  2 giant cockroaches
  5 goblins
  3 hobgoblins
  4 quokkas
  7 ball pythons
  2 frilled lizards
  4 kobolds
  7 rats
50 creatures vanquished.

Vanquished Creatures (others)
  A demonic plant (D:1)
  A fungus (D:1)
2 creatures vanquished.

Grand Total: 52 creatures vanquished

Notes
Turn   | Place    | Note
-------+----------+-------------------------------------------
     0 | D:1      | BritishOli the Demonspawn Fighter began the quest for the
                  | Orb.
     0 | D:1      | Reached XP level 1. HP: 18/18 MP: 1/1
   321 | D:1      | Gained mutation: You have a pair of small antennae on your
                  | head. [demonic ancestry]
   321 | D:1      | Reached XP level 2. HP: 24/24 MP: 2/2
   352 | D:1      | Found a faded altar of an unknown god.
   432 | D:1      | You fall into a shaft and drop 1 floor!
  1114 | D:1      | Gained mutation: When seriously injured, your blood forms
                  | armour. (AC +6) [demonic ancestry]
  1114 | D:1      | Reached XP level 3. HP: 29/29 MP: 3/3
  2387 | D:3      | Reached XP level 4. HP: 35/35 MP: 4/4
  2732 | D:3      | Found a sparkling altar of Nemelex Xobeh.
  2748 | D:3      | Found a basalt altar of Yredelemnul.
  3063 | D:4      | HP: 1/36 [jelly (2)]
  3063 | D:4      | Splashed by a jelly's acid

Illustrated notes

Levels and vault maps discovered:
D:1:      kennysheep_arrival_seaside, layout_basic,
          shapermc_ecumenical_altar_gd, minmay_pentomino_q4
D:2:      layout_basic
D:3:      layout_loops_corners, minitemple, minmay_misc_feat_plants
D:4:      layout_basic, mainiacjoe_overflow_big_doors

Skill      XL: |  1  2 |
---------------+-------+-----
Long Blades    | 2 |  2.5
Shields        | 3 |  3.1
Armour         | 3 |  3.2
Fighting       | |  3.6

Action                   |  1- 3 |  4- 6 || total
-------------------------+-------+-------++-------
Melee: Long sword        |   148 |    23 ||   171
Armor: Scale mail        |    79 |     6 ||    85
Dodge: Dodged            |    63 |     7 ||    70
Block: Buckler           |    34 |     1 ||    35

Table legend: (Time is in decaauts)
 A = Elapsed time spent in this place.
 B = Non-inter-level travel time spent in this place.
 C = Inter-level travel time spent in this place.
 D = Time resting spent in this place.
 E = Time spent auto-exploring this place.
 F = Levels seen in this place.
 G = Mean time per level.
                   A        B        C        D        E       F      G
               +--------+--------+--------+--------+--------+-----+--------+
         Total |   3122 |   3006 |    116 |      0 |   2606 |   4 |  780.5 |
       Dungeon |   3122 |   3006 |    116 |      0 |   2606 |   4 |  780.5 |
               +--------+--------+--------+--------+--------+-----+--------+

Top non-repeatable levels by time:
     D:1: 1262 daAuts
     D:3: 1167 daAuts
     D:2: 624 daAuts
     D:4: 69 daAuts
